 Dungeon Sprint DCSS version 0.30-a0-779-g7971cf19c3 (webtiles) character file.

Game seed: 13293921047667733290

1044 dialectric the Protected (level 8, -5/84 HPs)
             Began as a Gargoyle Fighter on Feb 17, 2023.
             Slain by a hell hog (7 damage)
             ... in the Dungeon (Sprint II: "The Violet Keep of Menkaure").
             The game lasted 00:02:52 (250 turns).

dialectric the Protected (Gargoyle Fighter)          Turns: 250, Time: 00:02:52

Health: -5/84      AC: 23    Str: 21    XL:     8   Next: 25%
Magic:  8/8        EV: 11    Int:  8    God:
Gold:   567        SH:  6    Dex: 11    Spells: 7/7 levels left

rFire   . . .      SeeInvis .    d - +3 flail (protect)
rCold   . . .      Faith    .    c - +0 buckler
rNeg    + . .      Spirit   .    b - +0 scale mail
rPois   ∞          Reflect  .    (no helmet)
rElec   +          Harm     .    (no cloak)
rCorr   .          Rampage  .    k - +0 pair of gloves
Will    .....      NoTele   +    (no boots) Stlth
                                 (no amulet)
HPRegen 0.34/turn                (no ring)
MPRegen 0.11/turn                (no ring)

@: berserking, under a protective aura, very quick
A: sickness immunity, AC +5, negative energy resistance 1, electricity
resistance, torment resistance 1, petrification resistance
a: no special abilities


You were in the Dungeon.
You visited 1 branch You collected 988 gold pieces.
You spent 421 gold pieces at shops.

Inventory:

Hand Weapons
 a - a +0 flail
 d - a +3 flail of protection (weapon)
Armour
 b - a +0 scale mail (worn)
 c - a +0 buckler (worn)
 k - a +0 pair of gloves (worn)
Scrolls
 j - 3 scrolls of blinking
Potions
 e - a potion of curing
 f - a potion of heal wounds
 g - a potion of haste
 h - 2 potions of magic


   Skills:
 - Level 9.1 Fighting
 * Level 9.6 Maces & Flails
 + Level 11.1 Armour
 - Level 4.2 Dodging
 - Level 8.2 Shields


You had 7 spell levels left.
You didn't know any spells.
Your spell library was empty.

Dungeon Overview and Level Annotations

Branches:
Dungeon (1/1)

Altars:
Cheibriados
Dithmenos
Elyvilon
Fedhas
Hepliaklqana
Kikubaaqudgha
Makhleb
Qazlal
Ru
Sif Muna
Trog
Wu Jian
Xom
Jiyva
Lugonu

Shops:
D ?[:((:!??=[*![=

Annotations:
D exclusion: oklob plant


Innate Abilities, Weirdness & Mutations

You are immune to sickness and miasma.
Your stone body is resilient. (AC +5)
You are immune to poison.
You resist negative energy. (rN+)
You are resistant to electric shocks. (rElec)
You are resistant to unholy torment.
You are immune to petrification.


Message History

A hell hog comes into view.
The hell hog squeals angrily.
You hear an angry squeal.
The hell hog breathes fire at you.
The fireball explodes!
The fireball engulfs you!!
A hell hog comes into view.
Found 6 poisoned darts.
A red film seems to cover your vision as you go berserk!
You feel yourself moving faster!
You feel mighty! The hell hog breathes fire at you.
The fireball explodes!
The fireball engulfs you!!
You sock the hell hog!
Your weapon exudes an aura of protection.
The hell hog is lightly wounded.
The hell hog barely misses you.
You bludgeon the hell hog!!
The hell hog is heavily wounded.
You sock the hell hog!
The hell hog is severely wounded.
You sock the hell hog!
The hell hog is lightly wounded.
The hell hog breathes fire at you.
The fireball explodes!
The fireball engulfs you but does no damage.
The fireball engulfs the hell hog.
The hell hog completely resists.
The fireball engulfs the hell hog.
The hell hog completely resists.
You block the hell hog's attack.
You barely miss the hell hog.
The hell hog is lightly wounded.
The hell hog bites you!
* * * LOW HITPOINT WARNING * * *
The hell hog bites you!
* * * LOW HITPOINT WARNING * * *
You sock the hell hog!
The hell hog is heavily wounded.
You block the hell hog's attack. The hell hog bites you.
* * * LOW HITPOINT WARNING * * *
You bludgeon the hell hog!!
The hell hog is severely wounded.
The hell hog bites you!
You die...

++ .. .. .. .##+##.. #.
##...##.#### .### #..#..#
...# ^..#
##.#.####..#####^.#
###†###.##..#.(hh.#
.##.##†.†#..# #@.#
.'.<.'†##'..####..###
.##.####.#....###...##▓▓
###'# #†##......~~~~~~~~~
# #†# ###§~§....~#+######
#..#..#~~~~~~~..~#.._....
##. .##~~§~~~~~.~#._._...
~## ##~~~≈≈≈~~~~~#_._._..
~~~ ~~~~~§≈§≈§~~~#._._._.


You could see 2 hell hogs.

Vanquished Creatures
  A merfolk siren (D)
  2 water moccasins (D)
  4 necrophages (D)
  5 scorpions (D)
  3 worms (D)
15 creatures vanquished.

Vanquished Creatures (others)
  Menkaure (D)
1 creature vanquished.

Grand Total: 16 creatures vanquished

Notes
Turn   | Place    | Note
-------+----------+-------------------------------------------
     0 | D        | dialectric the Gargoyle Fighter began the quest for the
                  | Orb.
     0 | D        | Reached XP level 1. HP: 14/14 MP: 1/1
     8 | D        | Noticed a merfolk siren
    19 | D        | Killed a merfolk siren
    20 | D        | Reached skill level 5 in Maces & Flails
    20 | D        | Reached skill level 8 in Armour
    20 | D        | Reached XP level 2. HP: 26/26 MP: 2/2
    20 | D        | Reached XP level 3. HP: 30/30 MP: 3/3
    20 | D        | Reached XP level 4. HP: 36/36 MP: 4/4
    20 | D        | Reached XP level 5. HP: 40/40 MP: 5/5
    20 | D        | Reached XP level 6. HP: 45/45 MP: 6/6
    28 | D        | Killed Menkaure
    41 | D        | Reached skill level 9 in Armour
    41 | D        | Reached skill level 1 in Dodging
    50 | D        | Reached XP level 7. HP: 45/51 MP: 7/7
    71 | D        | Reached skill level 10 in Armour
   128 | D        | Reached XP level 8. HP: 56/56 MP: 8/8
   138 | D        | Found Mehatuw's Magic Scroll Emporium.
   138 | D        | Found Vodusk's Antique Armour Emporium.
   138 | D        | Found Xijieguse's Magic Scroll Shoppe.
   138 | D        | Found Bumuise's Distillery.
   138 | D        | Found Koskuch's Jewellery Emporium.
   138 | D        | Found Noycot's Jewellery Shoppe.
   138 | D        | Found Giconick's General Store.
   138 | D        | Found Yxonwurr's Armour Shoppe.
   139 | D        | Found Keujil's Distillery.
   139 | D        | Found Meysusoz's Book Emporium.
   142 | D        | Noticed a flying skull
   143 | D        | Noticed a flying skull
   146 | D        | Noticed a flying skull
   158 | D        | Found Ilocw's Antique Weapon Emporium.
   158 | D        | Found Vusoxip's Antique Weapon Shoppe.
   158 | D        | Noticed a cane toad
   158 | D        | Noticed a cane toad
   158 | D        | Noticed an oklob plant
   159 | D        | Found Qunysio's Antique Armour Shoppe.
   159 | D        | Found Xamootecw's Magic Scroll Emporium.
   159 | D        | Found Zywaates's Book Shoppe.
   177 | D        | Reached skill level 11 in Armour
   190 | D        | Noticed an ice dragon
   196 | D        | Bought a scroll of blinking for 82 gold pieces
   196 | D        | Bought a scroll of blinking for 82 gold pieces
   204 | D        | Bought a +3 flail of protection for 212 gold pieces
   206 | D        | Bought a +0 pair of gloves for 45 gold pieces
   233 | D        | Found a stormy altar of Qazlal.
   233 | D        | Found an ornate altar of the Wu Jian Council.
   234 | D        | Found a hazy altar of Hepliaklqana.
   234 | D        | Found a sacrificial altar of Ru.
   235 | D        | Found a viscous altar of Jiyva.
   235 | D        | Found a shimmering blue altar of Sif Muna.
   236 | D        | Found a snail-covered altar of Cheibriados.
   236 | D        | Found an ancient bone altar of Kikubaaqudgha.
   236 | D        | Found a shimmering altar of Xom.
   236 | D        | Found a bloodstained altar of Trog.
   237 | D        | Found a shadowy altar of Dithmenos.
   237 | D        | Found a corrupted altar of Lugonu.
   238 | D        | Found a white marble altar of Elyvilon.
   238 | D        | Found a burning altar of Makhleb.
   239 | D        | Found a blossoming altar of Fedhas.
   242 | D        | Noticed a hell hog
   242 | D        | Noticed a hell hog
   249 | D        | HP: 2/84 [hell hog (6)]
   250 | D        | Slain by a hell hog

Illustrated notes

Levels and vault maps discovered:
D:        the_violet_keep_of_menkaure [sprint2_stairs_cluster_1,
          sprint2_shoproom, sprint2_temple, sprint2_basic_supplies,
          sprint2_obstacle_1, sprint2_obstacle_4, sprint2_obstacle_5,
          sprint2_obstacle_3, sprint2_obstacle_7, sprint2_timed_cluster_1,
          sprint2_smallroom_cluster_1, sprint2_smallroom_final_cluster_1,
          sprint2_transparent_cluster_1, sprint2_second_timed_cluster_1,
          sprint2_sniper_area_1, sprint2_heavy_combat_area_1,
          sprint2_mutation_trap_area_1, sprint2_forest_area_1,
          sprint2_light_combat_area_1, sprint2_behind_water_1,
          sprint2_near_end_vault_1]

Skill      XL: |  1  2  3  4  5  6  7  8 |
---------------+-------------------------+-----
Fighting       | 8 9 |  9.1
Maces & Flails | 5 6 8 9 |  9.6
Armour         | 8 9 10 11 | 11.1
Shields        | 8 |  8.2
Dodging        | 2 4 |  4.2

Action                     |  1- 3 |  4- 6 |  7- 9 || total
---------------------------+-------+-------+-------++-------
  Melee: Flail             |     9 |    14 |    62 ||    85
    Use: Potion            |       |     1 |     1 ||     2
 Armour: Scale mail        |       |     5 |    21 ||    26
  Dodge: Dodged            |       |     3 |    23 ||    26
  Block: Buckler           |       |     3 |    15 ||    18

Table legend: (Time is in decaauts)
 A = Elapsed time spent in this place.
 B = Non-inter-level travel time spent in this place.
 C = Inter-level travel time spent in this place.
 D = Time resting spent in this place.
 E = Time spent auto-exploring this place.
 F = Levels seen in this place.
 G = Mean time per level.
                   A        B        C        D        E       F      G
               +--------+--------+--------+--------+--------+-----+--------+
         Total |    259 |    259 |      0 |      0 |      0 |   1 |  259.0 |
       Dungeon |    259 |    259 |      0 |      0 |      0 |   1 |  259.0 |
               +--------+--------+--------+--------+--------+-----+--------+

Top non-repeatable levels by time:
       D: 259 daAuts
